 Dungeon Crawl Stone Soup version bcrawl-1.13.1 (webtiles) character file.

Game seed: 6164034781352627364

151 Chiseanne the Cutter (level 5, 0/41 HPs)
             Began as a Demonspawn Archaeologist on Aug 2, 2019.
             Killed by nerve-wracking pain
             ... invoked by an orc priest
              (10 damage)
             ... on level 3 of the Dungeon.
             The game lasted 00:04:18 (1990 turns).

Chiseanne the Cutter (Demonspawn Archaeologist)     Turns: 1990, Time: 00:04:19

Health: 0/41       AC:  9    Str: 12    XL:     5   Next: 11%
Magic:  5/5        EV: 11    Int: 15    God:
Gold:   239        SH:  0    Dex: 12    Spells: 4/4 levels left

rFire    . . .     SeeInvis .   q - +0 war axe
rCold    . . .     Gourm    .   (no shield)
rNeg     . . .     Faith    .   i - +1 ring mail
rPois    .         Spirit   .   c - +1 hat
rElec    .         Reflect  .   (no cloak)
rCorr    .         Harm     .   (no gloves)
MR       .....                  d - +1 pair of boots
Stlth    +.........             (no amulet)
HPRegen  0.13/turn              (no ring)
MPRegen  0.09/turn              (no ring)

@: studying Short Blades, lightly drained
A: claws 1, hooves 1, horns 1
a: no special abilities


You were on level 3 of the Dungeon.
You were not hungry.

You visited 1 branch of the dungeon, and saw 3 of its levels.

You collected 239 gold pieces.

Inventory:

Hand Weapons
 a - a +1 mace
 q - a +0 war axe (weapon)
Missiles
 b - 997 stones (quivered)
 n - 274 sling bullets
 o - 109 bolts
Armour
 c - a +1 hat (worn)
 d - a +1 pair of boots (worn)
 i - a +1 ring mail (worn)
Scrolls
 j - 4 scrolls of teleportation
 k - a scroll of enchant armour
 l - a scroll of identify
Potions
 m - a potion of resistance
 r - a potion of lignification
Books
 e - a manual of Short Blades
Miscellaneous
 f - an ancient crate
Comestibles
 g - 3 rations {!d}
 h - 4 chunks of flesh


   Skills:
 - Level 3.0(2.6) Fighting
 + Level 5.0(4.6) Short Blades
 - Level 0.8(0.4) Maces & Flails
 - Level 2.6(2.2) Dodging
 - Level 3.0(2.6) Stealth


You had 4 spell levels left.
You didn't know any spells.
Your spell library was empty.

Dungeon Overview and Level Annotations

Branches:
Dungeon (3/12)

Altars:
Elyvilon
Fedhas
Lugonu
Nemelex Xobeh
Zin


Innate Abilities, Weirdness & Mutations

You have sharp fingernails.
You have large cloven feet.
You have a pair of small horns on your head.


Message History

The orc wizard's wounds heal themselves!
The orc wizard hits you with a +0 dagger.
The orc wizard casts a spell at you. The puff of flame hits you!
The jackal barks!
You completely miss the orc wizard. You barely miss the orc priest.
The orc wizard misses you.
The orc priest hits you with a +0 flail!
* * * LOW HITPOINT WARNING * * *
The orc wizard closely misses you.
The orc priest hits you with a +0 flail.
* * * LOW HITPOINT WARNING * * *
You closely miss the orc priest. Your headbutt misses the orc priest.
The orc priest is severely wounded.
You hit the orc wizard. The orc wizard closely misses you.
The jackal barely misses you.
The orc wizard hits you but does no damage.
The orc priest invokes the aid of Beogh against you.
Pain shoots through your body!
You die...

... ##.....##.... # ...
####............ .. ...
.........>...... .#.##
#.# ## ###.............
.....##.# .##
#............. #.....#
..# #.÷..÷........
#r.o## #.#
#....)[....... #..# #h#
#.).......^... ##.##
#@###.............
#..####oo##.#...........
##.o.....#....).........
######..#.#.####.♣♣._.♣
##...#.# ### ♣♣♣♣
#...#.# #.#...# #...#.#
........


You could see an orc priest, an orc wizard and a jackal.

Vanquished Creatures
  An orc wizard (D:3)
  4 adders
  An ooze (D:3)
  4 worms
  2 dart slugs
  7 orcs
  3 bats
  9 goblins
  11 hobgoblins
  4 jackals (D:3)
  A frilled lizard (D:1)
  7 kobolds
  8 rats
62 creatures vanquished.

Notes
Turn   | Place    | Note
-------+----------+-------------------------------------------
     0 | D:1      | Chiseanne the Demonspawn Archaeologist began the quest for
                  | the Orb.
     0 | D:1      | Reached XP level 1. HP: 15/15 MP: 1/1
   218 | D:1      | Gained mutation: You have a pair of small horns on your
                  | head. [demonic ancestry]
   218 | D:1      | Reached XP level 2. HP: 14/22 MP: 2/2
   857 | D:2      | Gained mutation: You have large cloven feet. [demonic
                  | ancestry]
   857 | D:2      | Reached XP level 3. HP: 17/29 MP: 3/3
  1029 | D:2      | Reached skill level 1 in Short Blades
  1202 | D:2      | Found a sparkling altar of Nemelex Xobeh.
  1215 | D:2      | Reached skill level 2 in Short Blades
  1442 | D:2      | Found a blossoming altar of Fedhas.
  1442 | D:2      | Found a corrupted altar of Lugonu.
  1450 | D:2      | Found a white marble altar of Elyvilon.
  1524 | D:3      | Reached XP level 4. HP: 35/35 MP: 4/4
  1532 | D:3      | Reached skill level 3 in Short Blades
  1542 | D:3      | Reached skill level 4 in Short Blades
  1786 | D:3      | Found a glowing silver altar of Zin.
  1816 | D:3      | Gained mutation: You have sharp fingernails. [demonic
                  | ancestry]
  1816 | D:3      | Reached XP level 5. HP: 36/41 MP: 5/5
  1850 | D:3      | Reached skill level 5 in Short Blades
  1990 | D:3      | Killed from afar by an orc priest

Skill      XL: |  1  2  3  4  5 |
---------------+----------------+-----
Fighting       | 2 3 |  3.0
Short Blades   | 2 4 5 |  5.0
Maces & Flails | |  0.8
Dodging        | |  2.6
Stealth        | |  3.0

Action                   |  1- 3 |  4- 6 || total
-------------------------+-------+-------++-------
Melee: Mace              |   132 |    50 ||   182
       Headbutt          |    16 |     9 ||    25
       War axe           |       |    23 ||    23
  Use: Scroll            |     6 |     3 ||     9
       Potion            |       |     2 ||     2
 Stab: Sleeping          |     1 |       ||     1
  Eat: Chunk             |     2 |     2 ||     4
Armor: Ring mail         |    72 |    40 ||   112
       Scale mail        |       |     4 ||     4
Dodge: Dodged            |    90 |    63 ||   153
